 Dungeon Crawl Stone Soup version 0.24-a0-537-g2d01d4ab0a (webtiles) character file.

Game seed: 1262394762907471478

3516 Gynju the Basher (level 10, -1/56 HPs)
             Began as a Gargoyle Fighter on Aug 16, 2019.
             Was an Initiate of the Shining One.
             Slain by an unseen horror (4 damage)
             ... on level 8 of the Dungeon.
             The game lasted 00:09:21 (9231 turns).

Gynju the Basher (Gargoyle Fighter)                 Turns: 9231, Time: 00:09:22

Health: -1/56      AC: 18    Str: 24    XL:     10   Next: 8%
Magic:  10/10      EV:  7    Int:  8    God:    the Shining One [......]
Gold:   274        SH: 12    Dex:  9    Spells: 9/9 levels left

rFire    x . .     SeeInvis .   F - +2 whip (freeze)
rCold    + . .     Gourm    .   c - +0 shield
rNeg     + . .     Faith    .   a - +0 chain mail
rPois    ∞         Spirit   .   (no helmet)
rElec    +         Reflect  .   (no cloak)
rCorr    .         Harm     .   z - +1 pair of gloves
MR       .....                  (no boots)
Stlth    ..........             (no amulet)
HPRegen  0.18/turn              g - ring of ice
MPRegen  0.12/turn              A - ring of stealth

@: glowing
A: negative energy resistance 1, electricity resistance, unbreathing,
petrification resistance, rot immunity, AC +7
a: Renounce Religion


You were on level 8 of the Dungeon.
You worshipped the Shining One.
The Shining One was noncommittal.
You were not hungry.

You visited 2 branches of the dungeon, and saw 9 of its levels.

You collected 274 gold pieces.

Inventory:

Hand Weapons
 F - a +2 whip of freezing (weapon)
Armour
 a - a +0 chain mail (worn)
 c - a +0 shield (worn)
 z - a +1 pair of gloves (worn)
Jewellery
 g - a ring of ice (left hand)
 A - a ring of stealth (right hand)
Wands
 u - a wand of iceblast (14)
 x - a wand of acid (4)
 y - a wand of enslavement (6)
 E - a wand of flame (34)
Scrolls
 e - 4 scrolls of remove curse {unknown}
 h - 12 scrolls of identify {unknown}
 i - 3 scrolls of enchant weapon {unknown}
 l - a scroll of fog {unknown}
 o - 2 scrolls of enchant armour {unknown}
 p - a scroll of random uselessness {unknown}
 q - a scroll of fear {unknown}
 r - 2 scrolls of magic mapping {unknown}
 v - 2 scrolls of noise {unknown}
 B - a scroll of amnesia {unknown}
 C - 2 scrolls of teleportation {unknown}
Potions
 d - 2 potions of might
 j - 2 potions of resistance {unknown}
 k - a potion of haste {unknown}
 m - 2 potions of curing {unknown}
 n - a potion of flight {unknown}
 s - a potion of magic {unknown}
 t - a potion of lignification {unknown}
 w - 2 potions of agility {unknown}
Comestibles
 f - 12 rations


   Skills:
 - Level 3.2 Fighting
 * Level 11.5 Maces & Flails
 - Level 3.2 Armour
 + Level 9.5 Shields


You had 9 spell levels left.
You didn't know any spells.
Your spell library contained the following spells:

 Spells                   Type           Power        Failure   Level  Hunger
 Sandblast                Erth           #.....       100%        1    ##.....
 Passwall                 Tmut/Erth      #.......     100%        2    ###....
 Stone Arrow              Conj/Erth      #.....       100%        3    ####...
 Petrify                  Tmut/Erth      #.......     100%        4    #####..
 Lee's Rapid Deconstruct  Erth           #.........   100%        5    ######.


Dungeon Overview and Level Annotations

Branches:
Dungeon (8/15)             Temple (1/1) D:7
   Lair: D:8-11

Altars:
Ashenzari
Cheibriados
Dithmenos
Elyvilon
Fedhas
Gozag
Hepliaklqana
Kikubaaqudgha
Makhleb
Nemelex Xobeh
Okawaru
Qazlal
Sif Muna
Trog
Uskayaw
Vehumet
Wu Jian
Xom
Yredelemnul
Zin
The Shining One


Innate Abilities, Weirdness & Mutations

You are resistant to torment.
Your stone body is resilient. (AC +7)
You are immune to poison.
You resist negative energy. (rN+)
You are resistant to electric shocks. (rElec)
You can survive without breathing.
You are immune to petrification.
You are immune to rotting.


Message History

You hit something. You freeze something. Something hits you but does no damage.
You whack something! You freeze something.
Something hits you but does no damage.
You miss something. Something hits you.
* * * LOW HITPOINT WARNING * * *
Something hits you but does no damage.
There is a stone staircase leading up here.
Something hits you but does no damage. Something hits you.
* * * LOW HITPOINT WARNING * * *
Something hits you but does no damage. Something hits you but does no damage.
You closely miss something. You block something's attack. Something hits you.
* * * LOW HITPOINT WARNING * * *
Something hits you but does no damage.
You hit something. You freeze something. Something hits you.
* * * LOW HITPOINT WARNING * * *
You completely miss something. Something hits you.
You die...

#........# .#.#
#....†...# .#.#
#........##.#.#
..#.............#
###.#.......##.#.##
.............###.##
............=# #.#
#.#....#.#.## #.#
.#......#.#.# #@#
..........#.# #.#
.........##.# #.#
............# #.#
............####<#
.....###..#......#
.....###..########
....)<...)##
########...#


There were no monsters in sight!

Vanquished Creatures
  Pikel (Temple)
  A kobold demonologist (D:6)
  A hippogriff (D:7)
  A yak (D:6)
  A hungry ghost (D:7)
  2 sky beasts
  2 slaves (D:7)
  4 ogres
  3 centaurs (D:7)
  3 bullfrogs
  2 gnoll sergeants
  A scorpion (D:6)
  A howler monkey (D:5)
  7 crimson imps
  2 jellies
  A centaur skeleton (D:7)
  An orc priest (D:6)
  An orc wizard (D:6)
  A centaur zombie (D:3)
  2 hounds
  2 gnoll shamans
  An iguana (D:6)
  4 worker ants
  2 hound zombies (D:5)
  A hound skeleton (D:6)
  18 gnolls
  14 adders
  A shadow imp (D:6)
  2 adder zombies
  3 worms (D:2)
  4 dart slugs (D:1)
  8 leopard geckos
  13 orcs
  4 ball pythons
  8 giant cockroaches
  14 goblins
  9 hobgoblins
  20 jackals
  3 quokkas
  6 bats
  2 frilled lizards (D:3)
  5 kobolds
  A leopard gecko zombie (D:5)
  A quokka zombie (D:5)
  13 rats
197 creatures vanquished.

Vanquished Creatures (others)
  An ogre (D:5)
  A shadow imp (D:5)
  An adder zombie (D:5)
3 creatures vanquished.

Grand Total: 200 creatures vanquished

Notes
Turn   | Place    | Note
-------+----------+-------------------------------------------
     0 | D:1      | Gynju the Gargoyle Fighter began the quest for the Orb.
     0 | D:1      | Reached XP level 1. HP: 14/14 MP: 1/1
   112 | D:1      | Found a radiant altar of Vehumet.
   116 | D:1      | Reached XP level 2. HP: 18/19 MP: 2/2
   254 | D:1      | Reached skill level 3 in Maces & Flails
   257 | D:1      | Reached XP level 3. HP: 19/23 MP: 3/3
   913 | D:2      | Reached XP level 4. HP: 24/28 MP: 4/4
  1053 | D:2      | Found an opulent altar of Gozag.
  1053 | D:2      | Found a white marble altar of Elyvilon.
  1054 | D:2      | Found a burning altar of Makhleb.
  1228 | D:2      | Reached skill level 4 in Maces & Flails
  1376 | D:2      | Found a shadowy altar of Dithmenos.
  1821 | D:3      | Found a faded altar of an unknown god.
  1846 | D:3      | Reached XP level 5. HP: 32/32 MP: 5/5
  2435 | D:3      | Reached skill level 5 in Maces & Flails
  3078 | D:4      | Reached XP level 6. HP: 28/37 MP: 6/6
  3309 | D:4      | Reached skill level 5 in Shields
  3565 | D:5      | Entered Level 5 of the Dungeon
  3985 | D:5      | Reached skill level 6 in Maces & Flails
  3985 | D:5      | Reached XP level 7. HP: 41/41 MP: 7/7
  5113 | D:6      | Reached skill level 7 in Maces & Flails
  5186 | D:6      | Reached XP level 8. HP: 30/46 MP: 8/8
  5416 | D:6      | HP: 1/46 [worker ant (2)]
  5738 | D:6      | Reached skill level 8 in Maces & Flails
  6055 | D:6      | Noticed a kobold demonologist
  6055 | D:6      | Noticed a yak
  6072 | D:6      | Killed a kobold demonologist
  6086 | D:6      | HP: 2/46 [yak (9)]
  6092 | D:6      | HP: 2/46 [yak (1)]
  6093 | D:6      | Killed a yak
  6093 | D:6      | Reached skill level 9 in Maces & Flails
  6435 | D:6      | Found an iron altar of Okawaru.
  6436 | D:6      | Found a bloodstained altar of Trog.
  6827 | D:6      | Reached XP level 9. HP: 48/51 MP: 9/9
  6906 | D:7      | Paralysed by fainting for 6 turns
  7034 | D:7      | Reached skill level 10 in Maces & Flails
  7137 | D:7      | Found a staircase to the Ecumenical Temple.
  7164 | Temple   | Entered the Ecumenical Temple
  7242 | Temple   | Became a worshipper of the Shining One
  7255 | D:7      | Noticed Pikel
  7286 | Temple   | Killed Pikel
  7739 | D:7      | Reached skill level 11 in Maces & Flails
  8640 | D:7      | Reached XP level 10. HP: 37/56 MP: 10/10
  9231 | D:8      | Slain by an unseen horror

Levels and vault maps discovered:
D:1:      onia_arrival_mini_spirals, layout_loops_ring, hex_medium,
          kennysheep_flooded_box, serial_bayou_ford_a
D:2:      layout_basic, chequers_temple_overflow_statue_of_worship,
          nicolae_dithmenos_through_a_glass_darkly
D:3:      minmay_door_path, layout_loops_ring,
          chequers_ecumenical_altar_simple_redux, dk_noncrumbling_3
D:4:      layout_rooms
D:5:      layout_basic, first_ration, lemuel_flame_loot_1
D:6:      minmay_cornered_nines, layout_rooms, grunt_temple_overflow_bloody_war,
          gup_sewer_entry_spiral
D:7:      layout_basic, minmay_temple_entry_glass, grunt_ogre_cave,
          kennysheep_generic_room_15, uniq_pikel
D:8:      layout_loops_cross, serial_shops, nicolae_shop_trees
Temple:   nicolae_temple_x_marks_the_god

Skill      XL: |  1  2  3  4  5  6  7  8  9 |
---------------+----------------------------+-----
Maces & Flails | 3 4 5 6 7 9 11 | 11.5
Shields        | 4 5 6 7 9 |  9.5
Fighting       | |  3.2
Armour         | |  3.2

Action                   |  1- 3 |  4- 6 |  7- 9 | 10-12 || total
-------------------------+-------+-------+-------+-------++-------
Melee: Flail             |   123 |   368 |   402 |       ||   893
       Whip              |       |       |   140 |    28 ||   168
  Eat: Chunk             |       |    10 |    17 |     1 ||    28
       Ration            |       |       |     2 |       ||     2
Armor: Scale mail        |    55 |   231 |   301 |       ||   587
       Chain mail        |       |       |    10 |    46 ||    56
Dodge: Dodged            |    37 |   129 |   176 |     5 ||   347
Block: Shield            |    56 |   219 |   373 |    11 ||   659

Table legend:
 A = Non-vault XP
 B = Vault XP
 C = Vault XP percentage of total XP
 D = Non-vault monster count
 E = Vault monster count
 F = Vault count percentage of total count
                 A         B        C        D         E       F
            +---------+---------+-------+---------+---------+-------
      Total |    3598 |    1426 |  28.4 |     181 |      14 |   7.2
            +---------+---------+-------+---------+---------+-------
        D:1 |      51 |       0 |   0.0 |      24 |       0 |   0.0
        D:2 |     111 |       0 |   0.0 |      32 |       0 |   0.0
        D:3 |     104 |      42 |  28.8 |      28 |       2 |   6.7
        D:4 |     120 |       0 |   0.0 |      13 |       0 |   0.0
        D:5 |     310 |       0 |   0.0 |      19 |       0 |   0.0
        D:6 |    1070 |     632 |  37.1 |      34 |       9 |  20.9
        D:7 |    1487 |     111 |   6.9 |      26 |       2 |   7.1
        D:8 |     302 |       0 |   0.0 |       4 |       0 |   0.0
     Temple |      43 |     641 |  93.7 |       1 |       1 |  50.0
            +---------+---------+-------+---------+---------+-------
